 Dungeon Crawl Stone Soup version 0.18-a0-1164-g7046a04 (webtiles) character file.

658 poirepourri the Magician (level 7, 0/37 HPs)
             Began as a Deep Elf Venom Mage on Jan 25, 2016.
             Was an Initiate of Vehumet.
             Slain by a phantom (2 damage)
             ... on level 5 of the Dungeon.
             The game lasted 00:10:59 (5947 turns).

poirepourri the Magician (Deep Elf Venom Mage)      Turns: 5947, Time: 00:10:59

Health: 0/37       AC:  6    Str:  8    XL:     7   Next: 29%
Magic:  19/19      EV: 13    Int: 22    God:    Vehumet [......]
Gold:   172        SH:  0    Dex: 15    Spells: 5 memorised, 4 levels left

rFire  . . .     SeeInvis .     c - +0 short sword
rCold  . . .     Gourm    .     a - +0 robe
rNeg   . . .     Faith    .     (no shield)
rPois  .         Spirit   .     g - +2 hat
rElec  .         Dismiss  .     (no cloak)
rCorr  .         Reflect  .     l - +1 pair of gloves
SustAt .         Harm     .     (no boots)
MR     .....                    (no amulet)
Stlth  +++.......               k - +3 ring of strength
                                f - ring of stealth

@: not resistant to hostile enchantments, fairly stealthy
A: no striking features
a: Renounce Religion


You were on level 5 of the Dungeon.
You worshipped Vehumet.
Vehumet was noncommittal.
You were not hungry.

You visited 1 branch of the dungeon, and saw 5 of its levels.

You collected 172 gold pieces.

Inventory:

Hand Weapons
 c - a +0 short sword (weapon)
Armour
 a - a +0 robe (worn)
 g - a +2 hat (worn)
 l - a +1 pair of gloves (worn)
Jewellery
 f - a ring of stealth (left hand)
 i - an uncursed ring of stealth
 k - a +3 ring of strength (right hand)
 m - an uncursed ring of sustain attributes
Scrolls
 d - a scroll of recharging
 j - 3 scrolls of remove curse
 o - 2 scrolls of amnesia
Potions
 n - 2 potions of flight
Books
 b - a Young Poisoner's Handbook

   Spells                             Type                      Level
   a - Sting                          Conjuration/Poison           1
   b - Cure Poison                    Poison                       2
   c - Mephitic Cloud                 Conjuration/Poison/Air       3
   d - Olgreb's Toxic Radiance        Poison                       4
   e - Venom Bolt                     Conjuration/Poison           5


   Skills:
 + Level 0.7 Fighting
 + Level 0.4 Short Blades
 + Level 3.4 Dodging
 + Level 3.4 Stealth
 + Level 0.1 Unarmed Combat
 + Level 6.7 Spellcasting
 + Level 3.7 Conjurations
 + Level 6.3 Poison Magic


You had 4 spell levels left.
You knew the following spells:

 Your Spells              Type           Power        Failure   Level  Hunger
a - Sting                 Conj/Pois      ####         1%          1    None
b - Cure Poison           Pois           #####.....   1%          2    None
c - Mephitic Cloud        Conj/Pois/Air  ###.....     8%          3    #......
d - Olgreb's Toxic Radia  Pois           #####...     8%          4    ###....
e - Venom Bolt            Conj/Pois      ####......   34%         5    #####..


Dungeon Overview and Level Annotations

Branches:
Dungeon (5/15)             Temple (0/1) D:4

Altars:
Elyvilon
Trog
Vehumet
Yredelemnul
Zin


Message History

You hit the phantom but do no damage.
The phantom is heavily damaged.
The phantom barely misses you.
You closely miss the phantom.
The phantom is heavily damaged.
The phantom hits you.
* * * LOW HITPOINT WARNING * * *
You closely miss the phantom.
The phantom is heavily damaged.
The phantom misses you.
The phantom hits you but does no damage.
You miss the phantom.
The phantom is heavily damaged.
The phantom hits you.
* * * LOW HITPOINT WARNING * * *
The phantom blinks!
You hit the phantom.
The phantom is heavily damaged.
The phantom hits you.
You die...

#..........# ###..
#..........# #...#
#..........# #.###
#..........# #.#
#######..### #.#
#....# #.###
#....## #####....
#.....#####......##
#.@W......#.##.###
#..............####
#..................
#....#...##.#####..
#....#...##.# ##.
#....#...##.# #.
#....#....#.# ##
####.#....#.#
#......#.#


You could see a phantom.

Vanquished Creatures
  An ogre (D:5)
  A sky beast (D:5)
  A centaur (D:5)
  A scorpion (D:4)
  A giant frog zombie (D:3)
  A jelly (D:5)
  A hound (D:4)
  3 worker ants
  2 iguanas (D:4)
  6 adders
  2 oozes (D:4)
  An adder zombie (D:5)
  3 worms
  4 giant geckos
  2 orcs
  A giant cockroach (D:1)
  9 goblins
  9 hobgoblins
  2 jackals (D:5)
  7 bats
  A giant gecko skeleton (D:4)
  7 giant newts
  6 kobolds
  8 rats
80 creatures vanquished.

Notes
Turn   | Place    | Note
--------------------------------------------------------------
     0 | D:1      | poirepourri the Deep Elf Venom Mage began the quest for the Orb.
     0 | D:1      | Reached XP level 1. HP: 10/10 MP: 6/6
   741 | D:1      | Reached XP level 2. HP: 15/15 MP: 4/8
  1301 | D:1      | Learned a level 2 spell: Cure Poison
  1563 | D:2      | Found a faded altar to an unknown god.
  1783 | D:2      | Reached skill level 1 in Conjurations
  1852 | D:2      | Found a white marble altar of Elyvilon.
  1870 | D:2      | Reached XP level 3. HP: 19/19 MP: 8/10
  2326 | D:2      | Found a glowing silver altar of Zin.
  2332 | D:2      | Found a basalt altar of Yredelemnul.
  2681 | D:3      | Reached skill level 5 in Poison Magic
  2681 | D:3      | Reached XP level 4. HP: 12/24 MP: 8/12
  2838 | D:3      | Learned a level 3 spell: Mephitic Cloud
  2843 | D:3      | Learned a level 4 spell: Olgreb's Toxic Radiance
  3317 | D:3      | HP: 1/24 [giant frog zombie (3)]
  3609 | D:3      | Found a bloodstained altar of Trog.
  3802 | D:3      | Found a radiant altar of Vehumet.
  3812 | D:3      | Became a worshipper of Vehumet
  3995 | D:4      | Reached skill level 5 in Spellcasting
  3995 | D:4      | Reached XP level 5. HP: 24/28 MP: 5/14
  4401 | D:4      | Reached XP level 6. HP: 27/32 MP: 3/15
  4561 | D:4      | Found a staircase to the Ecumenical Temple.
  4888 | D:5      | Entered Level 5 of the Dungeon
  5052 | D:5      | Learned a level 5 spell: Venom Bolt
  5092 | D:5      | Reached skill level 6 in Spellcasting
  5453 | D:5      | Noticed an ice beast
  5455 | D:5      | Reached XP level 7. HP: 28/37 MP: 10/18
  5947 | D:5      | Slain by a phantom

Vault maps used:
D:1:      evilmike_arrival_hilbert_curve
D:2:      amethyst_overflow_temple_binary, nicolae_overflow_crystal_walls,
          ecumenical_altar_1
D:3:      lightli_temple_of_fire, lemuel_round_altar, grunt_ministairs_7,
          fountainhead, serial_bayou_ford_a, hangedman_decor_lopped
D:4:      temple_pool_b, first_bread
D:5:      kennysheep_generic_room_11

Action                   |  1- 3 |  4- 6 |  7- 9 || total
-------------------------+-------+-------+-------++-------
Melee: Unarmed           |    18 |       |       ||    18
       Short sword       |     5 |    22 |    39 ||    66
 Cast: Sting             |    87 |   116 |    13 ||   216
       Olgreb's Toxic Ra |       |     4 |       ||     4
       Cure Poison       |       |     3 |       ||     3
       Mephitic Cloud    |       |     2 |     1 ||     3
       Venom Bolt        |       |       |     1 ||     1
  Use: Scroll            |     3 |     3 |     3 ||     9
       Potion            |       |     4 |     2 ||     6
  Eat: Bread ration      |     1 |     1 |       ||     2
       Chunk             |       |     3 |       ||     3
       Beef jerky        |       |     1 |     1 ||     2
       Pizza             |       |     1 |       ||     1
